 Dungeon Crawl Stone Soup version 0.31-a0-981-geadf994542 (webtiles) character file.

Game seed: 12408835423663964111

137 lunkers the Insei (level 4, -15/51 HPs)
             Began as a Demigod Shapeshifter on Nov 1, 2023.
             Demolished by Crazy Yiuf
             ... wielding a +4 quarterstaff of chaos
              (20 damage)
             ... on level 3 of the Dungeon.
             The game lasted 00:02:37 (2262 turns).

lunkers the Insei (Demigod Shapeshifter)            Turns: 2262, Time: 00:02:38

Health: -15/51     AC: 22    Str: 15    XL:     4   Next: 68%
Magic:  6/6        EV:  2    Int: 12    God:
Gold:   126        SH:  0    Dex: 17    Spells: 3/3 levels left

rFire   . .          .
                       - Unarmed
rCold   . . .        (no shield)
rNeg    . . .        l - melded +0 scale mail
rPois   +            (helmet currently unavailable)
rElec   .            (cloak currently unavailable)
rCorr   .            (gloves currently unavailable)
SInv    .            (boots currently unavailable)
Will    .....        p - amulet of regeneration
Stlth   ++           (no ring)
HPRegen 1.08/turn    (no ring)
MPRegen 0.10/turn

%: no passive effects
@: tree-form
A: stationary, stasis, torment immunity, boosted hp, high MP 1, forlorn, divine
attributes
a: no special abilities


You were on level 3 of the Dungeon.
You were a tree.
You visited 1 branch of the dungeon, and saw 3 of its levels.

You collected 126 gold pieces.

Inventory:

Armour
 a - a +0 animal skin
 l - a +0 scale mail (melded)
 o - a +0 pair of gloves
Jewellery
 p - an amulet of regeneration (around neck)
Talismans
 c - a beast talisman
 d - a flux talisman
Scrolls
 e - a scroll of identify {unknown}
 f - a scroll of revelation {unknown}
 h - 3 scrolls of teleportation {unknown}
 i - a scroll of blinking {unknown}
 n - a scroll of enchant weapon {unknown}
 q - a scroll of enchant armour {unknown}
Potions
 b - a potion of lignification
 g - a potion of enlightenment {unknown}
 j - a potion of mutation {unknown}
 k - 2 potions of curing {unknown}
 m - a potion of experience {unknown}


   Skills:
 - Level 0.8 Fighting
 - Level 1.7 Dodging
 * Level 4.5 Unarmed Combat
 + Level 3.5 Shapeshifting


You had 3 spell levels left.
You didn't know any spells.
Your spell library contained the following spells:

 Spells                   Type           Power      Damage    Failure   Level
 Necrotise                Necr           0%         1d4       32%         1
 Vampiric Draining        Necr           0%         2d6       69%         3
 Agony                    Necr           0%         N/A       100%        5


Dungeon Overview and Level Annotations

Branches:
Dungeon (3/15)

Annotations:
D:3 Crazy Yiuf


Innate Abilities, Weirdness & Mutations

You are a tree.
Your roots penetrate the ground, keeping you stationary.
You cannot be teleported.
You are immune to unholy pain and torment.
Your maximum health is greatly increased.
Your equipment is partially melded.
You have an increased reservoir of magic. (+10% MP)
You shall have no god before yourself.
Your divine heritage dramatically boosts your attributes as you level up.


Message History

You start putting on your amulet.
You continue putting on your amulet of regeneration. x5
You finish putting on your amulet of regeneration.
The amulet throbs as it attunes itself to your uninjured body.
p - an amulet of regeneration (around neck) As you open the door, it creaks loudly!
You hit Crazy Yiuf but do no damage.
Crazy Yiuf hits you with a +4 quarterstaff of chaos!
You hit Crazy Yiuf.
Crazy Yiuf is lightly wounded.
Crazy Yiuf completely misses you.
Unknown command.
You hit Crazy Yiuf.
Crazy Yiuf is lightly wounded.
Crazy Yiuf barely misses you.
Unknown command.
You completely miss Crazy Yiuf.
Crazy Yiuf is lightly wounded.
Crazy Yiuf hits you with a +4 quarterstaff of chaos!
You hit Crazy Yiuf but do no damage.
Crazy Yiuf is lightly wounded.
Crazy Yiuf closely misses you.
Unknown command.
You hit Crazy Yiuf.
Crazy Yiuf is moderately wounded.
Crazy Yiuf hits you with a +4 quarterstaff of chaos!
* * * LOW HITPOINT WARNING * * *
Crazy Yiuf freezes you.
* * * LOW HITPOINT WARNING * * *
Your transformation has ended.
You turn into a tree.
Your +0 scale mail melds into your body.
Your roots penetrate the ground.
Crazy Yiuf hits you with a +4 quarterstaff of chaos!
* * * LOW HITPOINT WARNING * * *
Unknown command.
You smack Crazy Yiuf!
Crazy Yiuf is severely wounded.
Crazy Yiuf hits you but does no damage.
You are electrocuted!!
You die...

###......).###....#
.#.####.#### #+..+#
#..####.# ♣..P.♣
........# ♣...♣♣
###.##### ♣♣.♣♣
###.# ♣.♣♣ .##)#
♣♣.♣ .##.# ♣.♣♣
.##.# ♣♣♣♣ ....#
#g# .#### ... .#
#...# .# #..)# .#
##### ## # #


You could see Crazy Yiuf.

Vanquished Creatures
  Jessica (D:3)
  3 gnolls (D:2)
  3 worms (D:2)
  A dart slug (D:3)
  An orc (D:3)
  2 ball pythons (D:1)
  9 endoplasms
  3 giant cockroaches
  3 goblins
  10 hobgoblins
  8 jackals (D:1)
  4 kobolds
  2 quokkas
  4 bats
  4 frilled lizards
  4 rats
62 creatures vanquished.

Notes
Turn   | Place    | Note
-------+----------+-------------------------------------------
     0 | D:1      | lunkers the Demigod Shapeshifter began the quest for the
                  | Orb.
     0 | D:1      | Reached XP level 1. HP: 15/15 MP: 3/3
   104 | D:1      | Reached skill level 3 in Unarmed Combat
   170 | D:1      | Reached XP level 2. HP: 22/22 MP: 4/4
   636 | D:1      | Reached XP level 3. HP: 21/27 MP: 5/5
  1421 | D:2      | Reached skill level 4 in Unarmed Combat
  1427 | D:2      | Reached XP level 4. HP: 4/34 MP: 6/6
  2100 | D:3      | Noticed Jessica
  2103 | D:3      | Killed Jessica
  2155 | D:3      | Found a runed translucent door.
  2156 | D:3      | Noticed Crazy Yiuf
  2262 | D:3      | Demolished by Crazy Yiuf

Illustrated notes

Levels and vault maps discovered:
D:1:      dpeg_arrival_round_c, layout_loops_ring
D:2:      layout_basic, ebering_ecumenical_altar_webs
D:3:      layout_loops_cross, chequers_temple_overflow_minitemple, uniq_jessica,
          uniq_crazy_yiuf_cottage

Skill      XL: |  1  2  3 |
---------------+----------+-----
Unarmed Combat | 3 4 |  4.5
Shapeshifting  | 3 |  3.5
Fighting       | |  0.8
Dodging        | |  1.7

Action                     |  1- 3 |  4- 6 || total
---------------------------+-------+-------++-------
  Melee: Unarmed           |   156 |    46 ||   202
         Punch             |     3 |     2 ||     5
    Use: Potion            |       |     1 ||     1
   Stab: Sleeping          |     3 |       ||     3
 Armour: Animal skin       |    50 |       ||    50
         Scale mail        |    24 |    17 ||    41
         Skin              |       |     2 ||     2
  Dodge: Dodged            |    78 |    12 ||    90

Table legend: (Time is in decaauts)
 A = Elapsed time spent in this place.
 B = Non-inter-level travel time spent in this place.
 C = Inter-level travel time spent in this place.
 D = Time resting spent in this place.
 E = Time spent auto-exploring this place.
 F = Levels seen in this place.
 G = Mean time per level.
                   A        B        C        D        E       F      G
               +--------+--------+--------+--------+--------+-----+--------+
         Total |   2248 |   2110 |    138 |      0 |   1713 |   3 |  749.3 |
       Dungeon |   2248 |   2110 |    138 |      0 |   1713 |   3 |  749.3 |
               +--------+--------+--------+--------+--------+-----+--------+

Top non-repeatable levels by time:
     D:2: 1043 daAuts
     D:1: 967 daAuts
     D:3: 238 daAuts
